[Event "Late-Titled-Tuesday-Blitz-April-02-2024"]
[Site "Chess.com"]
[Date "2024.04.02"]
[Round "6"]
[White "HipsterChess22"]
[Black "Doublekk14"]
[Result "0-1"]
[WhiteElo "2193"]
[BlackElo "2360"]
[TimeControl "180+1"]
[EndTime "15:04:08 PDT"]
[Termination "Doublekk14 won on time"]

1. d4 Nf6 2. Nc3 d5 3. Bf4 Bf5 4. e3 e6 5. Bd3 Bd6 6. Bxf5 exf5 7. Qf3 g6 8. Nxd5 Nxd5 9. c4 Nxf4 10. Qxb7 Nd3+ 11.
Ke2 Nd7 12. Kxd3 Rb8 13. Qc6 O-O 14. b3 Bb4 15. Ke2 Rb6 16. Qf3 Nf6 17. Nh3 Ne4 18.
Nf4 Nc3+ 19. Kf1 c5 20. d5 Ne4 21. Kg1 Qf6 22. Rd1 Qb2 23. h4 Qxa2 24. h5 g5 25.
Nd3 Nd6 26. h6 Qc2 27. Ne5 Qe4 28. Nd7 Qxf3 29. gxf3 Rd8 30. Nxb6 axb6 31. Ra1 b5 32. Ra6 bxc4 33. bxc4 Nxc4 34. e4 Nd2 35. Kg2 fxe4 36.
fxe4 Nxe4 37. Rd1 Nd6 0-1

[Event "Late-Titled-Tuesday-Blitz-April-02-2024"]
[Site "Chess.com"]
[Date "2024.04.02"]
[Round "6"]
[White "Truequitos"]
[Black "ArtemDyachuk"]
[Result "0-1"]
[WhiteElo "2561"]
[BlackElo "2785"]
[TimeControl "180+1"]
[EndTime "15:04:10 PDT"]
[Termination "ArtemDyachuk won on time"]

1. e4 e5 2. Nf3 Nc6 3. Bb5 a6 4. Ba4 Nf6 5. Qe2 b5 6. Bb3 Bc5 7. c3 d6 8. h3 Bb6 9. O-O h6 10. Rd1 Bb7 11. d3 Ne7 12. Nbd2 Nh5 13. Nf1 Ng6 14. g3 Qd7 15. Kg2 Bc8 16. Ng1 Nf6 17. Be3 h5 18. Bxb6 cxb6 19. Ne3 h4 20. Nf5 Nh5 21. Qf3 Ra7 22. d4 exd4 23. cxd4 Nf6 24. Nxg7+ Ke7 25. e5 Ne8 26. Qxf7+ Kd8 27. Nxe8 Qb7+ 28.
Kf1 hxg3 29. Qf6+ Qe7 30. Qxg6 gxf2 31. Nf6 fxg1=Q+ 32. Kxg1 Bxh3 33. exd6 Qxd6 0-1

[Event "Late-Titled-Tuesday-Blitz-April-02-2024"]
[Site "Chess.com"]
[Date "2024.04.02"]
[Round "6"]
[White "Angry_Twin"]
[Black "GaiozNigalidze"]
[Result "1-0"]
[WhiteElo "2925"]
[BlackElo "2722"]
[TimeControl "180+1"]
[EndTime "15:04:12 PDT"]
[Termination "Angry_Twin won on time"]

1. e4 c5 2. Nf3 d6 3. Bb5+ Bd7 4. Bxd7+ Qxd7 5. c4 Nc6 6. Nc3 Nf6 7. d4 cxd4 8.
Nxd4 g6 9. f3 Bg7 10. Be3 O-O 11. b3 Rfc8 12. O-O Rab8 13. Qd2 a6 14. a4 e6 15.
Nde2 Nb4 16. Rfd1 d5 17. cxd5 exd5 18. e5 Ne8 19. f4 f6 20. exf6 Nxf6 21. Rac1 Re8 22. h3 Qe6 23. Bd4 Rbc8 24. Re1 Ne4 25. Nxe4 Qxe4 26. Rxc8 Rxc8 27. Bxg7 Rc2 28. Ng3 Rxd2 29.
Nxe4 Rc2 30. Ng5 Kxg7 31. Re7+ Kg8 32. Rxb7 Nd3 33. Ne6 d4 34. Nxd4 Rc1+ 35. Kh2 Nxf4 36. Kg3 Nd5 37. Ne6 Ne3 38. Rg7+ Kh8 39. Ra7 Kg8 40. Rxa6 Rc3 41. Kf2 Nf5 42. b4 Kf7 43. Ng5+ Ke7 44. Ra7+ Kd6 45. Ne4+ 1-0

[Event "Late-Titled-Tuesday-Blitz-April-02-2024"]
[Site "Chess.com"]
[Date "2024.04.02"]
[Round "6"]
[White "merinasian"]
[Black "martabartel"]
[Result "0-1"]
[WhiteElo "2462"]
[BlackElo "2233"]
[TimeControl "180+1"]
[EndTime "15:04:12 PDT"]
[Termination "martabartel won by resignation"]

1. d4 Nf6 2. Nf3 g6 3. g3 Bg7 4.
Bg2 O-O 5. O-O c6 6. c4 d5 7.
cxd5 cxd5 8. Nc3 Ne4 9. Bf4 Nxc3 10. bxc3 Nc6 11. Qa4 Qa5 12. Qxa5 Nxa5 13. Nd2 Be6 14.
Rab1 Rac8 15. Rfc1 b6 16. Nb3 Nc4 17. a4 h6 18. a5 g5 19. Bd2 bxa5 20. Be1 a4 21.
Nc5 Bf5 22. Rb7 e5 23. Bxd5 Nd6 24. Rxa7 exd4 25. Nxa4 dxc3 26. Bxc3 Nb5 27. Ra5 Nxc3 28. Nxc3 Rxc3 29. Rd1 Bg6 30. Ra6 Kh7 31. Ra7 Rc2 32. e3 Rd8 33. e4 Rb2 34. Rc1 Bd4 35. Ra4 Bxf2+ 36. Kf1 Be3 37. Rc7 Kg7 38. Ra3 Bd4 39. Rf3 Rf8 40. Ke1 Rb6 41. Kf1 Rf6 42. Rxf6 Kxf6 43.
Kg2 Ke5 44. Kf3 Rb8 45. Kg4 Rb2 46. h3 f6 47. Rh7 h5+ 48. Rxh5 Bxh5+ 49. Kxh5 Bf2 50.
g4 Be3 51. Kg6 Bf4 52. h4 gxh4 0-1

[Event "Late-Titled-Tuesday-Blitz-April-02-2024"]
[Site "Chess.com"]
[Date "2024.04.02"]
[Round "6"]
[White "Veganator13"]
[Black "Resignify"]
[Result "1-0"]
[WhiteElo "2283"]
[BlackElo "2229"]
[TimeControl "180+1"]
[EndTime "15:04:13 PDT"]
[Termination "Veganator13 won on time"]

1. c4 Nf6 2. g3 g6 3. Bg2 Bg7 4. Nc3 O-O 5. e4 d6 6. Nge2 e5 7. d3 Nc6 8. O-O Rb8 9. h3 a6 10. Be3 Nd7 11. Rc1 Nd4 12. Qd2 Nc5 13. Kh2 a5 14.
Bh6 Bxh6 15. Qxh6 Nxe2 16. Nxe2 Nxd3 17. Rcd1 Nxb2 18. Rb1 Nxc4 19. f4 f6 20. h4 Nd2 21.
f5 Nxb1 22. fxg6 Qd7 23. Rxb1 Qg7 24. gxh7+ Qxh7 25. Qe3 Bg4 26. Nc3 Be6 27. Nb5 b6 28.
Rc1 Rf7 29. a4 Rg7 30. Rc3 Kh8 31. Qc1 Rc8 32. Bf1 Qg6 33. Bg2 Kh7 34. Bh1 Qh6 35. Qc2 Qg6 36. Bg2 f5 37. exf5 Bxf5 38. Qf2 Rf7 39.
Qe3 Be6 40. Be4 Bf5 41. Bd5 Rg7 42. Qe2 Qg4 43. Qg2 Qxa4 44. Bc6 Qg4 45. Bf3 Rcg8 46. Bxg4 Rxg4 47. Nxc7 R4g7 48. Nd5 1-0

[Event "Late-Titled-Tuesday-Blitz-April-02-2024"]
[Site "Chess.com"]
[Date "2024.04.02"]
[Round "6"]
[White "Iball95"]
[Black "Sargsyan_Shant"]
[Result "0-1"]
[WhiteElo "2915"]
[BlackElo "2963"]
[TimeControl "180+1"]
[EndTime "15:04:15 PDT"]
[Termination "Sargsyan_Shant won on time"]

1. e4 g6 2. d4 Nf6 3. e5 Nh5 4. Nf3 d6 5. Bc4 Bg7 6. h3 dxe5 7. Nxe5 Bxe5 8. dxe5 Qxd1+ 9. Kxd1 Nc6 10. f4 Ng3 11. Re1 Bf5 12. Be3 O-O-O+ 13. Kc1 Be6 14. Bb5 Nd4 15. Nc3 Ngf5 16. Bf2 Nxb5 17. Nxb5 a6 18. Nc3 h5 19. b3 h4 20. Re2 Bd5 21. Nxd5 Rxd5 22.
Rd2 Rhd8 23. Rxd5 Rxd5 24. c4 Rd8 25. Kc2 Nd4+ 26. Bxd4 Rxd4 27. Rf1 e6 28. Kc3 c5 29.
b4 b6 30. a4 a5 31. bxc5 bxc5 32. Rf2 Kc7 33. Rf1 Kc6 34. Rf2 Rd1 35. Rb2 Rc1+ 36. Kd3 Ra1 37. Rb8 Ra3+ 38. Kd2 Rxa4 39.
Rc8+ Kb6 40. Rf8 Rxc4 41. Rxf7 a4 42. Rf8 Kc6 43. Ra8 Rxf4 44. Ke3 Rb4 45. Rd8 a3 46. Rd6+ Kb5 47. Rxe6 a2 48. Ra6 Kxa6 49. e6 a1=Q 50. e7 Qe5+ 51. Kf2 Rb2+ 52. Kf3 Rb3+ 0-1

[Event "Late-Titled-Tuesday-Blitz-April-02-2024"]
[Site "Chess.com"]
[Date "2024.04.02"]
[Round "6"]
[White "GP9isback23"]
[Black "GMKrikor"]
[Result "0-1"]
[WhiteElo "2637"]
[BlackElo "2879"]
[TimeControl "180+1"]
[EndTime "15:04:15 PDT"]
[Termination "GMKrikor won by resignation"]

1. d4 Nf6 2. Nf3 g6 3. e3 Bg7 4. Be2 O-O 5. O-O c5 6. c3 Qc7 7. b4 b6 8. Bb2 d5 9. Nbd2 c4 10. Ne5 Nc6 11. f4 e6 12. Bf3 Bb7 13. Qe2 Ne7 14. g4 b5 15. Kh1 Ne4 16. Bxe4 dxe4 17. g5 f6 18. gxf6 Bxf6 19. Rg1 Nf5 20. Rg4 Qg7 21. Rag1 Bxe5 22. fxe5 Qh6 23. Nf1 Nh4 24.
Bc1 Nf3 25. R1g2 Rf7 26. Ng3 Raf8 27. Rf4 Rxf4 28. exf4 e3 29. Bxe3 Nh4 30. f5 Qg7 31. f6 Qd7 32. Kg1 Nxg2 33. Bh6 Rf7 34. Ne4 Qd5 35. Kxg2 Qxe4+ 36. Qxe4 Bxe4+ 37. Kf2 Bd5 38. a3 a5 39. Ke3 axb4 40. axb4 Ra7 41. Ke2 Kf7 42.
Bd2 Ra2 43. Ke3 g5 0-1

[Event "Late-Titled-Tuesday-Blitz-April-02-2024"]
[Site "Chess.com"]
[Date "2024.04.02"]
[Round "6"]
[White "Andrei_Skvortsov"]
[Black "flawian2008"]
[Result "0-1"]
[WhiteElo "2652"]
[BlackElo "2541"]
[TimeControl "180+1"]
[EndTime "15:04:17 PDT"]
[Termination "flawian2008 won by resignation"]

1. e4 c5 2. d4 cxd4 3. Qxd4 Nc6 4. Qd3 Nf6 5. Nc3 d6 6. Nf3 g6 7. Be2 Bg7 8. O-O O-O 9. Nd5 Bg4 10. c3 Nd7 11.
Bg5 h6 12. Bh4 g5 13. Bg3 Nde5 14. Nxe5 Nxe5 15. Qc2 Bxe2 16. Qxe2 e6 17. Ne3 Ng6 18. Rfd1 Nf4 19. Qb5 Qe7 20. Bxf4 gxf4 21. Nc4 Rfd8 22. Nd2 d5 23. exd5 Rxd5 24. Qe2 Rad8 25. Nf3 Qd6 26. Re1 e5 27. Qe4 Qe6 28. h3 f5 29.
Qxf4 e4 30. Qg3 Kh7 31. Qh4 Qg6 32. Nh2 Bf6 33. Qf4 Bg5 34. Qc7+ R8d7 35. Qc4 Rd2 36. Re2 Rd1+ 37. Rxd1 Rxd1+ 38. Nf1 Rd7 39. g3 h5 40. Kh2 h4 41. g4 fxg4 42. Qxe4 Rd1 43. Qxb7+ Kh6 44. Ne3 g3+ 45. Kg2 Bxe3 46. fxe3 Qf6 47. Qf3 Rg1+ 0-1

[Event "Late-Titled-Tuesday-Blitz-April-02-2024"]
[Site "Chess.com"]
[Date "2024.04.02"]
[Round "6"]
[White "MikaelyanArman"]
[Black "vladgoncharov"]
[Result "1-0"]
[WhiteElo "2817"]
[BlackElo "2563"]
[TimeControl "180+1"]
[EndTime "15:04:18 PDT"]
[Termination "MikaelyanArman won on time"]

1. e3 Nf6 2. b3 g6 3. Bb2 Bg7 4.
Nf3 O-O 5. Be2 c5 6. c4 Nc6 7. O-O d5 8. cxd5 Qxd5 9. Nc3 Qd6 10. Rc1 b6 11. d4 cxd4 12. Nb5 Qd7 13. Nfxd4 Bb7 14. Nxc6 Bxc6 15. Nd4 Bb7 16. Bb5 Qd6 17. Bc6 Rab8 18. Qf3 Bc8 19. h3 Nd7 20. Nb5 Ne5 21. Qg3 Qxc6 22. Rxc6 Nxc6 23. Bxg7 Kxg7 24. Nxa7 Bb7 25.
Nxc6 Bxc6 26. Qe5+ Kg8 27. Qxe7 Bd5 28. Rd1 Be6 29. h4 h5 30. Kh2 b5 31. Rd4 Rfe8 32. Qf6 Rec8 33. Rd2 Ra8 34. Kg3 b4 35. f3 Kh7 36.
Rd6 Ra7 37. Rb6 Re8 38. Rxb4 Rxa2 39. Rb7 Kg8 40. b4 Ra3 41. Kf4 Rc8 42. b5 Rb3 43. b6 Rb5 44. e4 Rbc5 45. Rc7 1-0

[Event "Late-Titled-Tuesday-Blitz-April-02-2024"]
[Site "Chess.com"]
[Date "2024.04.02"]
[Round "6"]
[White "DinaBelenkaya"]
[Black "GlavkonVVS"]
[Result "0-1"]
[WhiteElo "2455"]
[BlackElo "2616"]
[TimeControl "180+1"]
[EndTime "15:04:19 PDT"]
[Termination "GlavkonVVS won by resignation"]

1. e4 Nf6 2. e5 Nd5 3. Nf3 d6 4.
d4 Bg4 5. Be2 e6 6. O-O Be7 7.
c4 Nb6 8. exd6 cxd6 9. Nbd2 O-O 10. b3 d5 11. c5 Nc8 12. b4 Nc6 13. b5 Na5 14. a4 Bf6 15. Ba3 Re8 16. Bb4 b6 17. Bxa5 bxa5 18. Rc1 Ne7 19. Qb3 Nf5 20. Qd3 Bh5 21.
h3 Bg6 22. Qc3 Rc8 23. Bd3 Nd6 24. Bxg6 hxg6 25. Qd3 Nf5 26. g4 Nh4 27. Nxh4 Bxh4 28. Nf3 Bf6 29. c6 Qc7 30. Qd2 Rcd8 31. Kg2 g5 32. Rfd1 g6 33. Nxg5 e5 34. Nf3 exd4 35.
Nxd4 Re4 36. Nf3 Rxa4 37. Rc5 d4 38. Qc2 Rb4 39. Rd3 Rb8 40. Qe2 R4xb5 41. Rxb5 Rxb5 42.
Qe8+ Kg7 43. Nxd4 Re5 44. Nb5 Qb6 45. Nd6 Rxe8 46. Nxe8+ Kf8 47. Nxf6 Qxc6+ 48. Nd5 a4 49. f3 Qc2+ 50. Kg3 Qxd3 0-1

[Event "Late-Titled-Tuesday-Blitz-April-02-2024"]
[Site "Chess.com"]
[Date "2024.04.02"]
[Round "6"]
[White "Sanan_Sjugirov"]
[Black "GMAkobianSTL"]
[Result "0-1"]
[WhiteElo "2957"]
[BlackElo "2783"]
[TimeControl "180+1"]
[EndTime "15:04:20 PDT"]
[Termination "GMAkobianSTL won on time"]

1. d4 e6 2. c4 f5 3. Nf3 Nf6 4. g3 d5 5. Bg2 c6 6. O-O Bd6 7. b3 Qe7 8. Bb2 O-O 9. Qc1 Bd7 10. Ba3 Be8 11. Bxd6 Qxd6 12. Nc3 Nbd7 13. c5 Qe7 14. b4 Ne4 15. e3 Bh5 16. Ne5 Nxe5 17. dxe5 a5 18. a3 axb4 19. axb4 Rxa1 20. Qxa1 Nd2 21. Re1 Nf3+ 22. Bxf3 Bxf3 23. Nb1 g5 24. Nd2 Bh5 25. Qd4 f4 26. e4 Kh8 27. exd5 exd5 28. e6+ Qg7 29.
Qe5 Qxe5 30. Rxe5 fxg3 31. hxg3 h6 32. f4 Bg4 33. Nb3 gxf4 34. gxf4 Kg7 35. Nd4 Kf6 36. Kf2 Re8 37. Kg3 Bxe6 38. Rh5 Kg7 39. Re5 Bf7 40.
Nf5+ Kf6 41. Rxe8 Bxe8 42. Nxh6 d4 43. Kf3 Bd7 44. Ng4+ Bxg4+ 45. Kxg4 Ke6 46. Kf3 Kf5 47. Kg3 Ke4 0-1

[Event "Late-Titled-Tuesday-Blitz-April-02-2024"]
[Site "Chess.com"]
[Date "2024.04.02"]
[Round "6"]
[White "Walter_White_Poland"]
[Black "AlexeiShirov"]
[Result "0-1"]
[WhiteElo "2431"]
[BlackElo "2792"]
[TimeControl "180+1"]
[EndTime "15:04:21 PDT"]
[Termination "AlexeiShirov won on time"]

1. e4 e5 2. Nf3 Nc6 3. Bb5 a6 4. Ba4 Nf6 5. O-O b5 6. Bb3 Bc5 7. Nc3 d6 8. Nd5 Rb8 9. d4 Nxd4 10. Bg5 Bg4 11. Bxf6 gxf6 12. Nxd4 Bxd1 13. Nc6 Qc8 14. Nxf6+ Kf8 15. Nxb8 Be2 16. Nbd7+ Kg7 17. Rfe1 Bc4 18.
Bxc4 bxc4 19. Rad1 Ba7 20. Nh5+ Kh6 21. Ndf6 Qe6 22.
g4 Kg5 23. Kg2 Rg8 24. Kg3 Bxf2+ 25. Kxf2 Rg6 26. Nxh7+ Kh4 27. N7f6 Rxf6+ 28. Nxf6 Qxf6+ 29. Ke2 Qf4 30. Rd2 Qxe4+ 31. Kd1 Qf3+ 32. Kc1 c3 33. bxc3 Qxc3 34. Kd1 Qa1+ 35. Ke2 Qxa2 36. Kf1 Qc4+ 37.
Ree2 Qf4+ 38. Kg1 a5 39. Rf2 Qe3 40. Kg2 Qh3+ 41. Kg1 a4 42. Rd3 Qxg4+ 43. Rg3 Qd1+ 44. Kg2 Qd5+ 45. Kg1 a3 46. Rf6 Qd1+ 47. Kg2 Qxc2+ 48. Kg1 Qb1+ 49. Kg2 Qe4+ 50. Kg1 Kh5 51. Rxf7 a2 0-1

[Event "Late-Titled-Tuesday-Blitz-April-02-2024"]
[Site "Chess.com"]
[Date "2024.04.02"]
[Round "6"]
[White "ExtremeLearner"]
[Black "PapaieDudu"]
[Result "1-0"]
[WhiteElo "2554"]
[BlackElo "2384"]
[TimeControl "180+1"]
[EndTime "15:04:23 PDT"]
[Termination "ExtremeLearner won by checkmate"]

1. e4 c5 2. Nf3 d6 3. Bc4 Nf6 4.
d3 Nc6 5. O-O e6 6. Re1 Be7 7. a4 O-O 8. Nbd2 d5 9. Bb5 Nb8 10. exd5 exd5 11. a5 Bg4 12. h3 Bh5 13. a6 bxa6 14. Bxa6 Nxa6 15. Rxa6 h6 16. b3 Qc7 17. Bb2 Rfe8 18. Qa1 Bg6 19. Qa5 Qb7 20. Ra1 Bd8 21. Qxc5 Bb6 22. Qd6 Re2 23. Bxf6 gxf6 24. d4 Rc8 25. c4 dxc4 26. Nxc4 Bc7 27. Qxf6 Qxb3 28. Nce5 Bd8 29. Qf4 Qc2 30. Qg3 Kg7 31.
h4 h5 32. Ng5 Bf6 33. Ngxf7 Rf8 34. Nxg6 Kxf7 35. Ne5+ Ke7 36. Rxa7+ Ke6 37. Qh3+ Kd5 38. Qf3+ Kxd4 39. Nc6+ Kc5 40. R7a5+ Kd6 41. Qd5+ Kc7 42.
Ra7+ Kb6 43. R1a6# 1-0

[Event "Late-Titled-Tuesday-Blitz-April-02-2024"]
[Site "Chess.com"]
[Date "2024.04.02"]
[Round "6"]
[White "Gabcur"]
[Black "ninguno46"]
[Result "0-1"]
[WhiteElo "2347"]
[BlackElo "2596"]
[TimeControl "180+1"]
[EndTime "15:04:25 PDT"]
[Termination "ninguno46 won on time"]

1. d4 Nf6 2. c4 e6 3. Nc3 Bb4 4. f3 d5 5. a3 Be7 6. e4 dxe4 7.
fxe4 e5 8. d5 Bc5 9. Bg5 h6 10.
Bh4 Bd4 11. Nf3 Bxc3+ 12. bxc3 Nbd7 13. Bd3 Qe7 14. O-O Nc5 15. Bg3 Bg4 16. h3 Bxf3 17. Qxf3 Nfd7 18. Bc2 a5 19. Qg4 O-O 20. Bh4 f6 21. Rf2 Ra6 22. Rb1 Rb6 23. Rxb6 Nxb6 24. Qe2 Nc8 25. Rf1 Nd6 26. Bf2 b6 27. Bxc5 bxc5 28. Rb1 f5 29. exf5 e4 30. Re1 Re8 31. g4 Qe5 32. Qe3 Rb8 33. Kg2 Rb2 34. Re2 Nxc4 35. Qg3 Qxg3+ 36. Kxg3 Nxa3 37. Kf4 Rxc2 38. Rxe4 Rxc3 39. Re7 Rc4+ 40. Ke5 Nb5 41. g5 Nd6 42. f6 Nf7+ 43. Ke6 Nxg5+ 44. Kd7 gxf6 45. Kc6 Rc1 0-1

[Event "Late-Titled-Tuesday-Blitz-April-02-2024"]
[Site "Chess.com"]
[Date "2024.04.02"]
[Round "6"]
[White "AryanTari"]
[Black "GMBenjaminBok"]
[Result "1/2-1/2"]
[WhiteElo "2977"]
[BlackElo "3013"]
[TimeControl "180+1"]
[EndTime "15:04:29 PDT"]
[Termination "Game drawn by repetition"]

1. e4 e5 2. Nf3 Nc6 3. d4 exd4 4.
Nxd4 Nf6 5. Nxc6 bxc6 6. Nd2 d5 7. exd5 cxd5 8. Bb5+ Bd7 9. Bxd7+ Qxd7 10. O-O Be7 11.
b3 O-O 12. Bb2 Rfe8 13. Qf3 Qg4 14. Rad1 c6 15. Qxg4 Nxg4 16. Nf3 Bf6 17. Bxf6 Nxf6 18. Rfe1 Kf8 19. Nd4 c5 20. Nb5 a6 21. Nd6 Rxe1+ 22. Rxe1 Rb8 23. Nf5 g6 24. Ne3 Re8 25. Kf1 Ne4 26. f3 Nc3 27. a4 d4 28. Nc4 Rxe1+ 29.
Kxe1 Ke7 30. Kd2 Ke6 31. Kd3 Nd5 32. g3 g5 33. Nd2 f5 34. a5 Nb4+ 35. Kc4 Kd6 36. c3 dxc3 37. Kxc3 Kd5 38. Nc4 f4 39. gxf4 gxf4 40. Nb6+ Kd6 41. Nc8+ Kd7 42. Nb6+ Kd6 43. Kc4 Nc6 44. Nc8+ Kc7 45. Kxc5 Nxa5 46. Ne7 Nxb3+ 47. Kb4 Nd2 48. Nd5+ Kc6 49. Nxf4 Nxf3 50. h3 Ne5 51. Ne6 Kb6 52. Ng5 h5 53. Ne4 a5+ 54. Ka4 Nd7 55. Ng3 Nf6 56. Nf5 Ne4 57. Ng7 Nf6 58. Nf5 Ka6 59. Ng7 Kb6 60. Nf5 1/2-1/2

[Event "Late-Titled-Tuesday-Blitz-April-02-2024"]
[Site "Chess.com"]
[Date "2024.04.02"]
[Round "6"]
[White "Darkdefense15"]
[Black "Lady_Nika"]
[Result "1-0"]
[WhiteElo "2386"]
[BlackElo "2527"]
[TimeControl "180+1"]
[EndTime "15:04:29 PDT"]
[Termination "Darkdefense15 won on time"]

1. d4 d5 2. Bf4 e6 3. e3 f5 4. Nf3 Nf6 5. Be2 Bd6 6. Bxd6 Qxd6 7. O-O Nbd7 8. c4 c6 9. Nc3 O-O 10. Bd3 Ne4 11. Ne2 Rf6 12. g3 b6 13. cxd5 exd5 14.
h4 Rh6 15. Nf4 Nf8 16. Ne5 g5 17. hxg5 Nxg5 18. Kg2 Nfe6 19. Bxf5 Nxf4+ 20. exf4 Bxf5 21. fxg5 Bh3+ 22. Kg1 Bxf1 23. gxh6 Bh3 24. Qh5 Be6 25.
Qg5+ Kf8 26. Qg7+ Ke8 27. Qxh7 Rc8 28. Re1 c5 29. Qg7 Rc7 30. Qg6+ Kd8 31. h7 Qf8 32.
Qxe6 Rxh7 33. Nc6+ Kc7 34. Qxd5 Rd7 35. Qe5+ Kxc6 36.
dxc5 bxc5 37. Qe4+ Kb6 38. Re3 Qc8 39. Rb3+ Kc7 40.
Qe5+ Kc6 41. Rc3 Qf8 42. Kg2 Rd2 43. Qe4+ Kb5 44. Rb3+ Ka5 45. Ra3+ Kb5 46. Qa4+ Kb6 47. Qxa7+ Kc6 48. Ra6+ Kd5 49. Qd7+ Kc4 50. Qxd2 1-0

[Event "Late-Titled-Tuesday-Blitz-April-02-2024"]
[Site "Chess.com"]
[Date "2024.04.02"]
[Round "6"]
[White "ural58"]
[Black "APOKALIPSA13"]
[Result "1/2-1/2"]
[WhiteElo "2476"]
[BlackElo "2296"]
[TimeControl "180+1"]
[EndTime "15:04:29 PDT"]
[Termination "Game drawn - insufficient material"]

1. e4 e5 2. f4 exf4 3. Bc4 d5 4. Bxd5 Qh4+ 5. Kf1 c6 6. Nf3 Qh5 7. Bc4 Bg4 8. d4 Nf6 9. Nc3 b5 10. Bd3 b4 11. e5 bxc3 12. exf6 cxb2 13. Bxb2 gxf6 14. Qe2+ Kd8 15. Re1 Bxf3 16. Qxf3 Qxf3+ 17. gxf3 Nd7 18. Rg1 Bb4 19. c3 Bf8 20. Bc1 Bh6 21. Rg4 Bg5 22.
Bxf4 h5 23. Rxg5 fxg5 24. Bxg5+ f6 25. Bf4 Re8 26. Rb1 Nb6 27. c4 Rg8 28. Kf2 Rc8 29. a4 Nxa4 30. Rb7 Rg5 31. Bxg5 fxg5 32. Rxa7 Nb2 33. Be2 Rb8 34. Rh7 g4 35. Rh8+ Kc7 36.
Rxb8 Kxb8 37. fxg4 hxg4 38. Kg3 c5 39. dxc5 Kc7 40. Kxg4 Kc6 41. h4 Kxc5 42. h5 Kd4 43.
h6 Ke3 44. h7 Kxe2 45. h8=Q Nxc4 46. Qd4 Ne3+ 47. Kf4 Nd1 48. Qc4+ Kd2 49. Kf3 Nc3 50. Qd4+ Kc2 51. Ke3 Nd1+ 52. Ke2 Nc3+ 53. Ke1 Nb1 54. Qc4+ Nc3 55. Qc5 Kd3 56. Kf2 Ne4+ 57. Kf3 Nxc5 1/2-1/2

[Event "Late-Titled-Tuesday-Blitz-April-02-2024"]
[Site "Chess.com"]
[Date "2024.04.02"]
[Round "6"]
[White "ZachHKL"]
[Black "Happy1712Drummer"]
[Result "0-1"]
[WhiteElo "2260"]
[BlackElo "2458"]
[TimeControl "180+1"]
[EndTime "15:04:29 PDT"]
[Termination "Happy1712Drummer won by checkmate"]

1. e4 e6 2. d4 d5 3. Nd2 Be7 4.
Ngf3 Nf6 5. Bd3 c5 6. exd5 cxd4 7. Nxd4 Qxd5 8. N2f3 a6 9. c4 Qd8 10. Ne2 Nc6 11. O-O b6 12. Bf4 Bb7 13. a3 O-O 14.
Qc2 Qc8 15. Rad1 Rd8 16. Ng3 h6 17. Ne4 Nd4 18. Nxd4 Rxd4 19. Be5 Rxd3 20. Qxd3 Bxe4 21. Qe3 Qb7 22. Bd6 Bxg2 23. Rfe1 Bh1 24. f3 Bxd6 25. Rxd6 Qxf3 26. Qxf3 Bxf3 27. Rxb6 a5 28. c5 Rc8 29. Rc1 Bc6 30. b4 axb4 31. axb4 Nd5 32. Ra6 Nxb4 33. Rb6 Nd5 34. Rb2 Nf4 35. Rcb1 Kh7 36. Rb8 Rc7 37. R1b6 Nd5 38. Ra6 f5 39. Rb2 f4 40. Kf2 g5 41.
Re2 Ne3 42. Rd2 Ng4+ 43. Kg1 f3 44. Ra3 f2+ 45. Kf1 Bb5+ 46. Re2 Bxe2+ 47. Kxe2 Rxc5 48. h3 Re5+ 49. Kf1 Re1+ 50. Kg2 f1=Q+ 51. Kg3 Qf4+ 52.
Kg2 Qf2# 0-1

[Event "Late-Titled-Tuesday-Blitz-April-02-2024"]
[Site "Chess.com"]
[Date "2024.04.02"]
[Round "6"]
[White "manitodeplomo"]
[Black "cthulhuuu"]
[Result "1/2-1/2"]
[WhiteElo "2629"]
[BlackElo "2470"]
[TimeControl "180+1"]
[EndTime "15:04:30 PDT"]
[Termination "Game drawn - insufficient material"]

1. d4 Nf6 2. c4 e5 3. dxe5 Ng4 4. e3 Nxe5 5. Nc3 Bb4 6. Ne2 a5 7. a3 Bc5 8. Nf4 O-O 9. Be2 c6 10. O-O d6 11. b3 Bf5 12. Bb2 g5 13. Nh5 Bg6 14. Na4 Ba7 15. Kh1 Qe7 16. f4 Bxh5 17. Bxh5 Ng6 18. Qg4 f5 19. Qxg5 Qxg5 20. fxg5 Bxe3 21.
Rae1 Bxg5 22. Bxg6 hxg6 23. Re6 Kf7 24. Rxd6 Rd8 25. Rfd1 Rxd6 26. Rxd6 Be7 27. Rd3 Na6 28. g3 Rd8 29. Rxd8 Bxd8 30. Kg2 b5 31. cxb5 cxb5 32.
Nc3 Bf6 33. Nd1 Nc5 34. Bxf6 Kxf6 35. b4 axb4 36. axb4 Nd3 37. Nc3 Nxb4 38. Nxb5 Nd5 39. Nd4 g5 40. h3 g4 41. hxg4 fxg4 42. Nc2 Ke5 43. Kf2 Ke4 44. Ne1 Nb4 45. Ke2 Nc6 46. Ng2 Nd4+ 47. Kf2 Nf5 48. Nf4 Nxg3 49. Kxg3 Ke3 50.
Ng2+ Ke4 51. Kxg4 1/2-1/2

[Event "Late-Titled-Tuesday-Blitz-April-02-2024"]
[Site "Chess.com"]
[Date "2024.04.02"]
[Round "6"]
[White "RaugintaBulba"]
[Black "ProfessorChess101"]
[Result "0-1"]
[WhiteElo "2425"]
[BlackElo "2766"]
[TimeControl "180+1"]
[EndTime "15:04:30 PDT"]
[Termination "ProfessorChess101 won on time"]

1. d4 Nf6 2. c4 e6 3. Nf3 a6 4. g3 b5 5. cxb5 axb5 6. Bg2 Bb7 7.
O-O Be7 8. Nc3 b4 9. Na4 O-O 10.
b3 d6 11. Bd2 c5 12. dxc5 dxc5 13. Rc1 Nbd7 14. Be3 Qa5 15. Qc2 Rfc8 16. Rfd1 c4 17.
Rxd7 Nxd7 18. Ng5 Bxg5 19. Bxb7 Bxe3 20. fxe3 cxb3 21. Qxc8+ Rxc8 22. Rxc8+ Nf8 23. axb3 g6 24. Nc5 Kg7 25. Kf2 g5 26. Bf3 Ng6 27. Nd3 Ne5 28. Nxe5 Qxe5 29. Rc4 Qd6 30. h4 h6 31. Rd4 Qc5 32.
Rc4 Qe7 33. hxg5 hxg5 34. g4 Qd6 35. Kg2 f5 36. e4 f4 37. e5 Qd2 38. Rc7+ Kf8 39.
Rc4 Ke7 40. Rc7+ Kd8 41. Rc4 Qe1 42. Kh2 Qg3+ 43. Kh1 Kd7 44. Rc5 Qf2 45. Rc4 Kd8 0-1

[Event "Late-Titled-Tuesday-Blitz-April-02-2024"]
[Site "Chess.com"]
[Date "2024.04.02"]
[Round "6"]
[White "ahkashefi2800"]
[Black "Godzillator"]
[Result "1-0"]
[WhiteElo "2604"]
[BlackElo "2395"]
[TimeControl "180+1"]
[EndTime "15:04:31 PDT"]
[Termination "ahkashefi2800 won by resignation"]

1. Nf3 d5 2. c4 c6 3. d4 Nf6 4. Nc3 e6 5. g3 Be7 6. Bg2 O-O 7.
O-O b6 8. Qc2 Bb7 9. Rd1 Nbd7 10. e4 dxe4 11. Nxe4 Rc8 12. Bf4 Nxe4 13. Qxe4 Ba8 14.
Qe2 Nf6 15. h4 Qe8 16. Re1 Bb4 17. Nd2 Qd7 18. Rad1 Rfe8 19. a3 Bf8 20. Be5 Qe7 21. b4 c5 22. dxc5 Bxg2 23. Kxg2 bxc5 24. b5 Red8 25.
Bxf6 Qxf6 26. Ne4 Qe7 27. Rxd8 Rxd8 28. Rd1 Rxd1 29. Qxd1 Qb7 30. Qf3 Qd7 31. a4 h6 32.
Qe3 Qc7 33. Qd3 f5 34. Nd2 Bd6 35. a5 Be5 36. a6 Bd4 37. Nb3 Bb2 38. Qe2 Be5 39.
f4 Bd4 40. Qxe6+ Kh8 41. Qxf5 Qe7 42. Qd3 Qe1 43. Nxd4 cxd4 44. c5 Qb4 45. c6 Qc5 46.
Kf3 Qd5+ 47. Kf2 h5 48. f5 Qc5 49. Kf3 Qd5+ 50. Kf4 Kh7 51. f6+ Kh6 52. fxg7 Qd6+ 53. Ke4 Kxg7 54. Qxd4+ 1-0

[Event "Late-Titled-Tuesday-Blitz-April-02-2024"]
[Site "Chess.com"]
[Date "2024.04.02"]
[Round "6"]
[White "dolynachess"]
[Black "CarlosjPineror"]
[Result "0-1"]
[WhiteElo "2526"]
[BlackElo "2680"]
[TimeControl "180+1"]
[EndTime "15:04:32 PDT"]
[Termination "CarlosjPineror won on time"]

1. d4 Nf6 2. c4 d6 3. Nc3 e5 4. Nf3 e4 5. Nd2 Bf5 6. e3 Qe7 7. b4 c6 8. a4 h5 9. Ba3 g6 10. a5 Nbd7 11. c5 d5 12. b5 a6 13.
bxc6 bxc6 14. Na4 Bh6 15. Nb6 Ra7 16. Nc8 Qd8 17. Nxa7 Qa8 18. Nxc6 Qxc6 19. Qe2 Nb8 20. Rb1 Nfd7 21. h3 Be6 22. Qd1 O-O 23. Be2 f5 24. g3 h4 25. Qb3 hxg3 26. fxg3 Qc7 27. c6 Nxc6 28. Bxf8 Qxg3+ 29. Kd1 Nxf8 30. Nf1 Qg2 31.
Rh2 Qg1 32. Qc3 Nxa5 33. Qxa5 Bxe3 34. Qe1 Bxd4 35. Qg3 Qxg3 36. Nxg3 Be5 37. Rg2 f4 38.
Bg4 fxg3 39. Bxe6+ Nxe6 40. Rb6 Kf7 41. Rxa6 d4 42. Rb2 d3 43. Rb7+ Kf6 44. Rbb6 g5 45. Rxe6+ Kf5 46. Ke1 g2 47. Kf2 e3+ 48. Kxg2 d2 49.
Rxe5+ Kxe5 50. Ra1 e2 51. Kf2 d1=Q 0-1